 Dungeon Crawl Stone Soup version 0.30-a0-242-g7bf8e6d787 (webtiles) character file.

Game seed: 2144996151243663512

10005 porpoise the Firebug (level 11, -11/89 HPs)
             Began as a Yellow Draconian Fire Elementalist on Oct 12, 2022.
             Was an Initiate of Sif Muna.
             Mangled by a shadow (29 damage)
             ... on level 9 of the Dungeon.
             The game lasted 01:10:37 (13005 turns).

porpoise the Firebug (DrFE)                        Turns: 13005, Time: 01:10:37

Health: -11/89     AC: 10    Str: 10    XL:     11   Next: 30%
Magic:  14/18      EV: 13    Int: 19    God:    Sif Muna [......]
Gold:   537        SH:  0    Dex: 13    Spells: 1/20 levels left

rFire   . . .      SeeInvis .    a - +3 whip (venom)
rCold   + . .      Faith    .    (no shield)
rNeg    . . .      Spirit   .    (body armour unavailable)
rPois   +          Reflect  .    (helmet restricted)
rElec   .          Harm     .    o - +0 cloak
rCorr   +          Rampage  .    g - +0 pair of gloves
Will    .....                    A - +0 pair of boots
Stlth   ++........               v - amulet of regeneration
HPRegen 1.14/turn                D - ring of protection from cold
MPRegen 0.16/turn                y - ring of poison resistance

@: no status effects
A: spit acid, AC +7, unfitting armour, cold-blooded, acid resistance
a: Breathe Acid, Renounce Religion


You were on level 9 of the Dungeon.
You worshipped Sif Muna.
Sif Muna was noncommittal.
You visited 2 branches of the dungeon, and saw 10 of its levels.
You also visited: Ossuary.

You collected 537 gold pieces.

Inventory:

Hand Weapons
 a - a +3 whip of venom (weapon)
 b - a +5 scythe of freezing
 B - a +2 quarterstaff of speed
 E - a +0 eveningstar
 J - a +2 falchion of holy wrath
 K - a +0 scimitar of flaming
Missiles
 i - 2 boomerangs of dispersal
 q - 22 poisoned darts
 t - 9 boomerangs (quivered)
 H - 2 curare-tipped darts
Armour
 g - a +0 pair of gloves (worn)
 o - a +0 cloak (worn)
 A - a +0 pair of boots (worn)
 C - an orb of guile
 L - a +0 kite shield
Jewellery
 c - a +6 ring of strength
 l - a +6 ring of strength
 m - a ring of positive energy
 v - an amulet of regeneration (around neck)
 y - a ring of poison resistance (right hand)
 D - a ring of protection from cold (left hand)
 F - the ring "Xuiwn" {rPois Will- Int+2 SInv}
   (You found it on level 8 of the Dungeon)

   [ring of poison resistance]

   Int:       It affects your intelligence (+2).
   rPois:     It protects you from poison.
   SInv:      It lets you see invisible.
   Will:      It decreases your willpower.
Wands
 e - a wand of light (2)
 G - a wand of paralysis (1)
Scrolls
 k - 3 scrolls of noise
 p - a scroll of amnesia {unknown}
 r - 6 scrolls of fear
 w - a scroll of enchant armour {unknown}
 I - 2 scrolls of identify
 M - a scroll of butterflies
Potions
 d - a potion of heal wounds
 f - 2 potions of haste
 h - 2 potions of resistance
 j - 3 potions of brilliance
 n - 2 potions of attraction
 s - 3 potions of ambrosia
 u - 5 potions of mutation
 x - 2 potions of flight
Miscellaneous
 z - a piece from Xom's chessboard (15/15)
 N - a lightning rod (4/4)


   Skills:
 + Level 5.8 Fighting
 - Level 2.0 Throwing
 - Level 5.0 Dodging
 - Level 1.7 Stealth
 - Level 5.0 Spellcasting
 - Level 7.0 Conjurations
 + Level 5.4 Summonings
 - Level 5.0 Translocations
 - Level 7.0 Fire Magic
 + Level 5.4 Ice Magic
 - Level 5.0 Air Magic
 - Level 1.3 Invocations
 - Level 5.0 Evocations


You had one spell level left.
You knew the following spells:

 Your Spells              Type           Power      Damage    Failure   Level
a - Foxfire               Conj/Fire      100%       2x1d9     1%          1
b - Scorch                Fire           62%        2d8       1%          2
c - Flame Wave            Conj/Fire      31%        2d9       7%          4
d - Fireball              Conj/Fire      15%        3d8       19%         5
e - Kindle Blastsparks    Fire/Tloc/Air  52%        2d14      3%          3
i - Summon Ice Beast      Ice/Summ       25%        N/A       13%         4

Your spell library contained the following spells:

 Spells                   Type           Power      Damage    Failure   Level
 Frozen Ramparts          Ice            50%        1d8       4%          3
 Ensorcelled Hibernation  Hex/Ice        30%        N/A       6%          2
 Dazzling Flash           Conj/Hex       36%        N/A       9%          3
 Inner Flame              Hex/Fire       18%        N/A       9%          3
 Cigotuvi's Dreadful Rot  Necr/Pois/Air  22%        N/A       10%         2
 Iskenderun's Mystic Bla  Conj/Tloc      27%        2d7       11%         4
 Passage of Golubria      Tloc           23%        N/A       16%         4
 Spider Form              Tmut/Pois      4%         N/A       36%         3
 Tukima's Dance           Hex            4%         N/A       36%         3
 Ice Form                 Ice/Tmut       15%        N/A       38%         4
 Starburst                Conj/Fire      15%        6d6       71%         6
 Metabolic Englaciation   Hex/Ice        7%         N/A       75%         5
 Anguish                  Hex/Necr       2%         N/A       77%         4
 Dispel Undead            Necr           4%         3d7       77%         4
 Silence                  Hex/Air        7%         N/A       77%         5
 Agony                    Necr           4%         N/A       98%         5
 Yara's Violent Unravell  Hex/Tmut       2%         3d3       98%         5
 Death Channel            Necr           2%         N/A       100%        6


Dungeon Overview and Level Annotations

Branches:
Dungeon (9/15)             Temple (1/1) D:5            Lair (0/5) D:9
Ossuary (visited)
    Orc: D:9-12

Altars:
Ashenzari
Cheibriados
Dithmenos
Elyvilon
Fedhas
Gozag
Hepliaklqana
Kikubaaqudgha
Qazlal
Ru
Sif Muna
Trog
Uskayaw
Vehumet
Wu Jian
Xom
Yredelemnul
Zin
The Shining One

Shops:
D:6 :

Annotations:
D:4 1 runed translucent door


Innate Abilities, Weirdness & Mutations

You can spit globs of acid.
Your golden yellow scales are hard. (AC +7)
You cannot fit into any form of body armour.
You are cold-blooded and may be slowed by cold attacks.
You are resistant to acid. (rCorr)


Message History

Deactivating autopickup; reactivate with Ctrl-A.
You miss something.
Your tail-slap misses something.
The foxfire hits something but does no damage. x2
The shadow strikes at you from the darkness!
Reactivating autopickup.
The shadow hits you.
Your magical contamination has completely faded away.
You hit the shadow but do no damage.
You tail-slap the shadow, but do no damage.
The shadow is almost destroyed.
The shadow hits you.
You completely miss the shadow.
The shadow is almost destroyed.
The shadow hits you.
You closely miss the shadow.
You tail-slap the shadow, but do no damage.
The shadow is almost destroyed.
The shadow slips into darkness.
The shadow flickers and vanishes!
Deactivating autopickup; reactivate with Ctrl-A.
You barely miss something.
The shadow strikes at you from the darkness!
Reactivating autopickup.
You barely miss the shadow.
The shadow is almost destroyed.
The shadow slips into darkness.
The shadow flickers and vanishes!
Deactivating autopickup; reactivate with Ctrl-A.
You closely miss something.
The shadow strikes at you from the darkness!
* * * LOW HITPOINT WARNING * * *
Reactivating autopickup.
You hit the shadow but do no damage.
The shadow is severely damaged.
The shadow slips into darkness.
The shadow flickers and vanishes!
Deactivating autopickup; reactivate with Ctrl-A.
You closely miss something.
Your tail-slap misses something.
The shadow strikes at you from the darkness!
You die...

#....#
#....#
#$...#
#....# #
#....#
..
#....#.#
#..?...#
#.@{.#
######


There were no monsters in sight!

Vanquished Creatures
  A boulder beetle (D:8)
  2 centaur warriors (D:8)
  A harpy (shapeshifter) (D:8)
  A gargoyle (D:8)
  Maggie (D:7)
  An unseen horror (D:8)
  Prince Ribbit (D:8)
  Sigmund (D:2)
  2 shadows
  2 wyverns
  7 yaks
  A vampire (D:8)
  A steam dragon (D:8)
  A warg (D:9)
  Menkaure (D:5)
  Duvessa (D:5)
  An acid dragon (D:8)
  3 water moccasins
  3 orc warriors (D:8)
  2 sky beasts
  2 ice beasts
  5 black bears
  An ogre (D:5)
  3 centaurs (D:8)
  A phantom (D:3)
  3 kobold brigands
  Blork the orc (D:5)
  An elf zombie (Ossuary)
  5 scorpions
  3 gnoll sergeants
  3 jellies (D:5)
  5 wights (D:4)
  Dowan (D:5)
  2 howler monkeys
  4 killer bees (D:8)
  3 hounds
  4 human zombies (Ossuary)
  A gnoll bouda (D:6)
  4 orc priests
  8 orc wizards
  2 mummies (Ossuary)
  6 adders
  13 gnolls
  5 shadow imps
  3 white imps
  An ufetubus (D:4)
  2 adder zombies (Ossuary)
  A worm (D:2)
  4 dart slugs
  38 orcs
  3 bats
  9 endoplasms
  2 giant cockroaches
  10 hobgoblins
  10 jackals
  13 kobolds
  2 quokkas
  9 ball pythons
  2 frilled lizards
  6 goblins
  A goblin zombie (Ossuary)
  13 hobgoblin zombies (Ossuary)
  A jackal zombie (Ossuary)
  8 kobold zombies (Ossuary)
  5 orc zombies (Ossuary)
  4 rats
  A rat zombie (Ossuary)
268 creatures vanquished.

Vanquished Creatures (collateral kills)
  A bullfrog (D:8)
  An orc priest (D:8)
  2 orcs (D:8)
4 creatures vanquished.

Vanquished Creatures (others)
  348 foxfires
  A plant (D:9)
349 creatures vanquished.

Grand Total: 621 creatures vanquished

Notes
Turn   | Place    | Note
-------+----------+-------------------------------------------
     0 | D:1      | porpoise the Draconian Fire Elementalist began the quest
                  | for the Orb.
     0 | D:1      | Reached XP level 1. HP: 14/14 MP: 3/3
   365 | D:1      | Reached XP level 2. HP: 20/20 MP: 5/5
  1324 | D:2      | Found a snail-covered altar of Cheibriados.
  1449 | D:2      | Reached XP level 3. HP: 11/26 MP: 0/6
  1514 | D:2      | Learned a level 2 spell: Scorch
  1660 | D:2      | Found a faded altar of an unknown god.
  1963 | D:2      | Noticed Sigmund
  1985 | D:2      | Killed Sigmund
  1986 | D:2      | Reached XP level 4. HP: 10/33 MP: 5/8
  1986 | D:2      | Reached XP level 5. HP: 12/38 MP: 5/9
  2124 | D:3      | Reached skill level 1 in Fighting
  2124 | D:3      | Reached XP level 6. HP: 47/47 MP: 4/10
  2204 | D:3      | Learned a level 4 spell: Flame Wave
  2351 | D:3      | Reached skill level 5 in Fire Magic
  2747 | D:3      | Identified the +4 ring mail of the Cockroach {+Inv}
  2809 | D:3      | Identified the +7 scale mail "Rorop" {rC+++ rCorr Str-3
                  | Dex-4}
  3214 | D:4      | Your scales start taking on a golden yellow colour.
  3214 | D:4      | Reached XP level 7. HP: 56/56 MP: 3/11
  3214 | D:4      | Gained mutation: You are resistant to acid. (rCorr) [Yellow
                  | Draconian growth]
  3565 | D:4      | Got Fecehun's Papyrus of Pollution and Bewitchment
  3912 | D:4      | Found a runed translucent door.
  3912 | D:4      | Noticed a human
  3915 | D:4      | Found a basalt altar of Yredelemnul.
  4224 | D:4      | Reached skill level 5 in Conjurations
  4676 | D:5      | Entered Level 5 of the Dungeon
  4799 | D:5      | Reached XP level 8. HP: 65/67 MP: 8/12
  4857 | D:5      | Found a staircase to the Ecumenical Temple.
  4868 | Temple   | Entered the Ecumenical Temple
  5125 | D:5      | Noticed Blork the orc
  5130 | D:5      | Killed Blork the orc
  5395 | D:5      | Learned a level 5 spell: Fireball
  5486 | D:5      | Reached skill level 5 in Fighting
  5751 | D:5      | Noticed Menkaure
  5754 | D:5      | Killed Menkaure
  6216 | D:5      | Noticed Duvessa
  6216 | D:5      | Noticed Dowan
  6225 | D:5      | Killed Duvessa
  6228 | D:5      | Killed Dowan
  6474 | D:6      | Found Arosoim's Vocational Training.
  6488 | D:6      | Reached XP level 9. HP: 74/74 MP: 8/15
  7343 | D:6      | Learned a level 3 spell: Kindle Blastsparks
  7370 | D:7      | Reached skill level 5 in Spellcasting
  7373 | D:7      | Reached skill level 1 in Translocations
  7373 | D:7      | Reached skill level 1 in Air Magic
  7401 | D:7      | Reached skill level 5 in Dodging
  7562 | D:7      | Reached skill level 1 in Evocations
  7952 | D:7      | Noticed Maggie
  7968 | D:7      | Killed Maggie
  8433 | D:7      | Reached XP level 10. HP: 47/81 MP: 7/17
  8900 | D:7      | Learned a level 4 spell: Summon Ice Beast
  9761 | D:8      | Found a sand-covered staircase.
  9770 | Ossuary  | Entered an ossuary
 10202 | Ossuary  | Reached skill level 1 in Throwing
 10499 | D:8      | Reached skill level 5 in Air Magic
 10548 | D:8      | Paralysed by something for 4 turns
 10855 | D:8      | Reached skill level 5 in Translocations
 10858 | D:8      | Reached skill level 1 in Summonings
 11103 | D:8      | Noticed a gargoyle
 11109 | D:8      | Killed a gargoyle
 11110 | D:8      | Reached skill level 1 in Ice Magic
 11254 | D:8      | Noticed Prince Ribbit
 11261 | D:8      | Killed Prince Ribbit
 11512 | D:8      | Reached skill level 5 in Evocations
 11904 | D:8      | Noticed a harpy
 11904 | D:8      | Noticed a boulder beetle
 11921 | D:8      | Killed a harpy
 11949 | D:8      | HP: 1/81 [something (29)]
 11955 | D:8      | Reached XP level 11. HP: 28/86 MP: 12/18
 12047 | D:8      | Found a shimmering blue altar of Sif Muna.
 12050 | D:8      | Became a worshipper of Sif Muna the Loreminder
 12290 | D:8      | Noticed a centaur warrior
 12301 | D:8      | Killed a centaur warrior
 12313 | D:8      | Killed a boulder beetle
 12314 | D:8      | Reached skill level 5 in Summonings
 12314 | D:8      | Reached skill level 5 in Ice Magic
 12314 | D:8      | Reached skill level 1 in Invocations
 12550 | D:8      | Noticed a centaur warrior
 12562 | D:8      | Killed a centaur warrior
 12667 | D:8      | Identified the ring "Xuiwn" {rPois Will- Int+2 SInv}
 12847 | D:9      | Found a staircase to the Lair.
 13005 | D:9      | Mangled by a shadow

Illustrated notes

Levels and vault maps discovered:
D:1:      psy_arrival_fountain, layout_basic, minmay_statues_item
D:2:      layout_basic, basic_altar, basic_ecumenical_altar,
          chequers_serial_rivers_micro_c, uniq_sigmund
D:3:      cheibrodos_old_hovel, layout_rooms, minmay_goblin_kobold_house
D:4:      layout_basic, dk_yredelemnul_ordeal, minivault_4,
          minmay_tree_intersection
D:5:      layout_gridville, minmay_temple_entry_waves, uniq_blork_the_orc,
          uniq_menkaure, uniq_duvessa
D:6:      layout_rooms, minmay_misc_feat_square, nicolae_shop_vocational
D:7:      layout_layer_cave, uniq_maggie
D:8:      minmay_the_grid_triangle_9x9_rhombus_full
          [minmay_the_grid_triangle_9x9_from_above,
          minmay_the_grid_triangle_9x9_swiss_cheese,
          minmay_the_grid_triangle_9x9_impossible_snake,
          minmay_the_grid_triangle_9x9_flanged_cone,
          minmay_the_grid_triangle_9x9_corrupted_corridor,
          minmay_the_grid_triangle_9x9_empty,
          minmay_the_grid_triangle_9x9_semitri,
          minmay_the_grid_triangle_9x9_prize_center], layout_basic,
          lemuel_blue_sif_altar, enter_ossuary_1, grunt_decor_arrowhead,
          uniq_prince_ribbit1
D:9:      layout_roguey [special_room_orc], nemelex_xobeh_ov_fountains_minmay,
          kennysheep_okawaru_gauntlet, bloody_makhleb, erik_lair_orcish_takeover
Temple:   minmay_temple_bridge_d

Skill      XL: |  1  2  3  4  5  6  7  8  9 10 11 |
---------------+----------------------------------+-----
Conjurations   | 3 4 5 7 |  7.0
Spellcasting   | 3 4 5 |  5.0
Fire Magic     | 4 5 6 7 |  7.0
Fighting       | 1 2 4 5 |  5.8
Dodging        | 3 5 |  5.0
Translocations | 3 5 |  5.0
Air Magic      | 4 5 |  5.0
Evocations     | 3 5 |  5.0
Throwing       | 2 |  2.0
Summonings     | 4 5 |  5.4
Ice Magic      | 4 5 |  5.4
Invocations    | 1 |  1.3
Stealth        | |  1.7

Action                   |  1- 3 |  4- 6 |  7- 9 | 10-12 || total
-------------------------+-------+-------+-------+-------++-------
Melee: Short sword       |    61 |     6 |       |       ||    67
       Tailslap          |     8 |     8 |    22 |    41 ||    79
       Punch             |     1 |       |     2 |     3 ||     6
       Hand axe          |       |    37 |    59 |       ||    96
       Spear             |       |       |    52 |       ||    52
       Whip              |       |       |    41 |   244 ||   285
Throw: Boomerang         |       |       |     9 |     2 ||    11
 Cast: Foxfire           |    41 |    26 |    91 |    41 ||   199
       Scorch            |     5 |    11 |    59 |    49 ||   124
       Flame Wave        |       |       |     4 |    18 ||    22
       Kindle Blastspark |       |       |     1 |     8 ||     9
 Abil: Breathe Acid      |       |       |     1 |       ||     1
Evoke: Wand              |       |       |     3 |     4 ||     7
  Use: Potion            |     1 |       |       |     4 ||     5
       Scroll            |       |       |    13 |     8 ||    21
 Stab: Sleeping          |       |     1 |     1 |     1 ||     3
       Paralysed         |       |       |       |    11 ||    11
Armor: Skin              |    24 |    23 |    60 |   161 ||   268
Dodge: Dodged            |    50 |    39 |   107 |   176 ||   372

Table legend: (Time is in decaauts)
 A = Elapsed time spent in this place.
 B = Non-inter-level travel time spent in this place.
 C = Inter-level travel time spent in this place.
 D = Time resting spent in this place.
 E = Time spent auto-exploring this place.
 F = Levels seen in this place.
 G = Mean time per level.
                   A        B        C        D        E       F      G
               +--------+--------+--------+--------+--------+-----+--------+
         Total |  13079 |  12629 |    450 |   4751 |   4745 |  11 | 1189.0 |
       Dungeon |  12154 |  11709 |    445 |   4503 |   4553 |   9 | 1350.4 |
        Temple |    209 |    204 |      5 |      0 |    192 |   1 |  209.0 |
       Ossuary |    715 |    715 |      0 |    248 |      0 |   1 |  715.0 |
               +--------+--------+--------+--------+--------+-----+--------+

Top non-repeatable levels by time:
     D:8: 2776 daAuts
     D:7: 2103 daAuts
     D:5: 1596 daAuts
     D:4: 1457 daAuts
     D:1: 1246 daAuts
     D:3: 1130 daAuts
     D:6: 944 daAuts
     D:2: 868 daAuts
 Ossuary: 715 daAuts
  Temple: 209 daAuts
     D:9: 30 daAuts
